 Dungeon Crawl Stone Soup version 0.31-a0-229-g1fc7ce93e2 (webtiles) character file.

Game seed: 13607327767947569339

7 qw the Shooter (level 1, -2/16 HPs)
             Began as a Minotaur Hexslinger on July 6, 2023.
             Succumbed to a goblin's poison
             ... on level 1 of the Dungeon.
             The game lasted 00:00:02 (159 turns).

qw the Shooter (Minotaur Hexslinger)                 Turns: 159, Time: 00:00:03

Health: -2/16      AC:  2    Str: 12    XL:     1   Next: 91%
Magic:  1/1        EV: 12    Int: 10    God:
Gold:   16         SH:  0    Dex: 12    Spells: 1/2 levels left

rFire   . . .        a - +1 sling
rCold   . . .        (no shield)
rNeg    . . .        c - +0 robe
rPois   .            (helmet restricted)
rElec   .            (no cloak)
rCorr   .            (no gloves)
SInv    .            (no boots)
Will    .....        (no amulet)
Stlth   +            (no ring)
HPRegen 0.22/turn    (no ring)
MPRegen 0.07/turn

%: no passive effects
@: lethally poisoned (-2 -> -16)
A: horns 2, retaliatory headbutt
a: no special abilities


You were on level 1 of the Dungeon.
You visited 1 branch of the dungeon, and saw 1 of its levels.

You collected 16 gold pieces.


Innate Abilities, Weirdness & Mutations

You have a pair of horns on your head.
You reflexively headbutt those who attack you in melee.


   Skills:
 + Level 1.2 Fighting
 - Level 3.0 Ranged Weapons
 - Level 2.1 Dodging
 - Level 1.0 Spellcasting
 - Level 2.0 Hexes


You had one spell level left.
You knew the following spells:

 Your Spells              Type           Power      Damage    Failure   Level
a - Slow                  Hex            16%        N/A       16%         1

Your spell library contained the following spells:

 Spells                   Type           Power      Damage    Failure   Level
 Inner Flame              Hex/Fire       2%         N/A       56%         3
 Portal Projectile        Hex/Tloc       4%         N/A       56%         3
 Cause Fear               Hex            2%         N/A       83%         4

Inventory:

Hand Weapons
 a - a +1 sling (weapon)
Armour
 c - a +0 robe (worn)
Jewellery
 d - a ring of fire
Scrolls
 b - a scroll of poison

Dungeon Overview and Level Annotations

Branches:
Dungeon (1/15)

Altars:


Message History

Enter note: You shoot a sling bullet.
The sling bullet hits the goblin.
The goblin is moderately wounded.
You hear a shout!
Found a scroll labelled SINIARCH IHASHRUIZE.
A goblin comes into view. It is wielding a +0 dagger of venom.
You see here 6 gold pieces.
Enter note: You shoot a sling bullet.
The sling bullet hits the goblin.
The goblin is severely wounded.
You shoot a sling bullet.
The sling bullet hits the goblin but does no damage.
The goblin is severely wounded.
The goblin hits you with a +0 dagger of venom.
You are poisoned.
The goblin hits you but does no damage.
You shoot a sling bullet. The sling bullet hits the goblin!
You kill the goblin!
You feel sick. The goblin misses you. The goblin hits you but does no damage.
You are more poisoned.
Your Ranged Weapons skill increases to level 3!
You shoot a sling bullet.
The sling bullet closely misses the goblin.
You feel very sick. The goblin closely misses you.
You shoot a sling bullet.
The sling bullet closely misses the goblin.
You feel sick. The goblin closely misses you.
You shoot a sling bullet. The sling bullet hits the goblin.
The goblin is severely wounded.
You feel sick. The goblin closely misses you.
You shoot a sling bullet.
The sling bullet closely misses the goblin.
You feel sick.
The goblin hits you with a +0 dagger of venom.
You are more poisoned.
The goblin completely misses you.
You shoot a sling bullet. The sling bullet hits the goblin.
You kill the goblin!
You die...

#......##.# #....#
..# #....# #....# #.#
#..#####....# #.#
#..# #......#
#.####..###+##....
#................. #
#.###.............
##.#.####.>..........
#..)@................
#..#)#####.......####
........ ........+
#######..#
##.......#### ...#
##########.. ##.# #.#
.# #.# ?# #.# #..


There were no monsters in sight!

Vanquished Creatures
  2 goblins (D:1)
  4 jackals (D:1)
  A ball python (D:1)
7 creatures vanquished.

Notes
Turn   | Place    | Note
-------+----------+-------------------------------------------
     0 | D:1      | qw the Minotaur Hexslinger began the quest for the Orb.
     0 | D:1      | Reached XP level 1. HP: 16/16 MP: 1/1
     0 | D:1      | 0 ||| qw: Version: 0.3-a-46-gb1f654a
     0 | D:1      | 0 ||| qw: Game counter: 1671
     0 | D:1      | 0 ||| qw: Melee chars always use a shield: true
     0 | D:1      | 0 ||| qw: God list: Okawaru
     0 | D:1      | 0 ||| qw: Allow faded altars: false
     0 | D:1      | 0 ||| qw: Do Orc after clearing Dungeon:15 true
     0 | D:1      | 0 ||| qw: Do second Lair branch before Depths: true
     0 | D:1      | 0 ||| qw: Lair rune preference: random
     0 | D:1      | 0 ||| qw: Goals: Normal
     0 | D:1      | 0 ||| PLANNING D:1-11
   155 | D:1      | Reached skill level 3 in Ranged Weapons
   158 | D:1      | HP: 2/16 [goblin/+0 dagger of venom (3)]
   159 | D:1      | Succumbed to a goblin's poison

Levels and vault maps discovered:
D:1:      lightli_arrival_flooded_house, layout_basic, minmay_misc_feat_five

Skill      XL: |  1 |
---------------+----+-----
Ranged Weapons | 3 |  3.0
Fighting       | |  1.2
Dodging        | |  2.1
Spellcasting   | |  1.0
Hexes          | |  2.0

Action                     || total
---------------------------++-------
   Fire: Sling             ||    20
 Armour: Robe              ||     5
  Dodge: Dodged            ||    15

Table legend:
 A = Non-vault XP
 B = Vault XP
 C = Vault XP percentage of total XP
 D = Non-vault monster count
 E = Vault monster count
 F = Vault count percentage of total count
                 A         B        C        D         E       F
            +---------+---------+-------+---------+---------+-------
      Total |      12 |       0 |   0.0 |       7 |       0 |   0.0
            +---------+---------+-------+---------+---------+-------
        D:1 |      12 |       0 |   0.0 |       7 |       0 |   0.0
            +---------+---------+-------+---------+---------+-------
